 Dungeon Crawl Stone Soup version 0.30.1-10-g1249ef9ec4 (webtiles) character file.

Game seed: 1561850635541746995

474 lonewolfV2 the Covered (level 7, -7/57 HPs)
             Began as a Hill Orc Fighter on Oct 27, 2023.
             Was an Initiate of Qazlal.
             Killed by divine providence
             ... invoked by an orc priest
              (13 damage)
             ... on level 5 of the Dungeon.
             The game lasted 00:06:44 (4028 turns).

lonewolfV2 the Covered (Hill Orc Fighter)           Turns: 4028, Time: 00:06:44

Health: -7/57      AC: 10    Str: 25    XL:     7   Next: 10%
Magic:  10/10      EV:  9    Int:  8    God:    Qazlal [......]
Gold:   263        SH: 12    Dex: 12    Spells: 6/6 levels left

rFire   . . .        a - +0 war axe (drain)
rCold   . . .        s - +0 tower shield
rNeg    . . .        b - +0 scale mail
rPois   +            (no helmet)
rElec   .            (no cloak)
rCorr   .            g - +2 pair of gloves
SInv    .            (no boots)
Will    .....        (no amulet) Stlth
                     j - ring of poison resistance
HPRegen 0.29/turn    r - +6 ring of strength
MPRegen 0.12/turn

%: no passive effects
@: marked
A: no striking features
a: Renounce Religion, Convert to Beogh


You were on level 5 of the Dungeon.
You worshipped Qazlal.
Qazlal was noncommittal.
You visited 1 branch of the dungeon, and saw 5 of its levels.

You collected 263 gold pieces.

Inventory:

Hand Weapons
 a - a +0 war axe of draining (weapon)
Armour
 b - a +0 scale mail (worn)
 c - a +0 buckler
 g - a +2 pair of gloves (worn)
 s - a +0 tower shield (worn)
Jewellery
 j - a ring of poison resistance (left hand)
 r - a +6 ring of strength (right hand)
Wands
 m - a wand of mindburst (17)
Scrolls
 k - 2 scrolls of brand weapon
 o - 2 scrolls of enchant armour
Potions
 d - 3 potions of might
 e - a potion of curing
 f - a potion of haste
 h - a potion of flight
 i - a potion of brilliance
 l - a potion of berserk rage
 n - a potion of degeneration
 p - a potion of invisibility {unknown}


   Skills:
 - Level 3.6 Fighting
 - Level 2.6 Axes
 + Level 5.1 Armour
 * Level 4.0 Dodging
 - Level 3.2 Shields
 + Level 4.3 Invocations


You had 6 spell levels left.
You didn't know any spells.
Your spell library contained the following spells:

 Spells                   Type           Power      Damage    Failure   Level
 Call Canine Familiar     Summ           0%         N/A       100%        3
 Portal Projectile        Hex/Tloc       0%         N/A       100%        3
 Leda's Liquefaction      Hex/Erth       0%         N/A       100%        4


Dungeon Overview and Level Annotations

Branches:
Dungeon (5/15)             Temple (0/1) D:5

Altars:
Cheibriados
Elyvilon
Fedhas
Makhleb
Nemelex Xobeh
Qazlal
Ru
Vehumet
Xom


Message History

The orc priest mumbles some strange prayers to Beogh against you.
Beogh smites you!
* * * LOW HITPOINT WARNING * * *
You feel better.
The orc priest mumbles some strange prayers to Beogh against you.
Pain shoots through your body!
* * * LOW HITPOINT WARNING * * *
You block the orc's attack.
The orc priest hits you but does no damage.
You feel better. The orc hits you with a +0 dagger.
The orc priest mumbles some strange prayers to Beogh against you.
You struggle to resist.
You barely miss the orc priest.
The orc priest is almost dead.
You hit the orc.
You kill the orc!
Qazlal accepts your kill. The orc priest barely misses you.
The orc priest invokes the aid of Beogh against you.
You struggle to resist.
You block the orc priest's attack.
You barely miss the orc priest.
The orc priest is almost dead.
The orc priest shouts, "Surrender to Beogh and we'll let you live!"
The orc priest shouts, "Beogh is our master!
Accept the truth or die!"
The orc priest hits you with a +0 club.
The orc priest threatens, "By the altar or by the axe, you will meet Beogh!"
The orc priest barely misses you.
You closely miss the orc priest.
The orc priest is almost dead.
The orc priest mumbles some strange prayers to Beogh against you.
Pain shoots through your body!
* * * LOW HITPOINT WARNING * * *
The orc priest hits you but does no damage.
The orc priest hits you with a +0 club.
* * * LOW HITPOINT WARNING * * *
You closely miss the orc priest.
The orc priest is almost dead.
The orc priest mumbles some strange prayers to Beogh against you.
Beogh smites you!
You die...

.....#...............#...#.......
.....#...............#...'.......
.....#...............#...#.......
###########..........#####.......
#..........#...#.......
#..........#...#....<..
#..........#...#.......
#.....>....#...'.......
+....)@..:.#†..#.......
#....o)....#...#.......
#>.........#...#.......
#..........#...#.......
............#...#.......
............#...#......†
............#...#.......
............#...#.......
#####.......


You could see an orc priest (fast, very drained).

Vanquished Creatures
  A phantom (D:5)
  A bullfrog (D:5)
  A scorpion (D:5)
  2 hounds
  An iguana (D:5)
  6 gnolls (D:5)
  3 adders
  A white imp (D:5)
  2 worms
  A dart slug (D:2)
  5 orcs
  11 ball pythons
  6 endoplasms
  5 giant cockroaches
  10 goblins
  8 hobgoblins
  8 kobolds
  3 quokkas
  3 bats
  3 frilled lizards
  9 rats
90 creatures vanquished.

Notes
Turn   | Place    | Note
-------+----------+-------------------------------------------
     0 | D:1      | lonewolfV2 the Hill Orc Fighter began the quest for the
                  | Orb.
     0 | D:1      | Reached XP level 1. HP: 19/19 MP: 1/1
   134 | D:1      | Reached XP level 2. HP: 21/26 MP: 2/2
   196 | D:1      | Reached skill level 1 in Invocations
   197 | D:1      | Reached skill level 1 in Dodging
   572 | D:2      | Reached XP level 3. HP: 28/31 MP: 2/4
   722 | D:2      | Reached XP level 4. HP: 39/39 MP: 5/5
   952 | D:2      | Found a faded altar of an unknown god.
  1110 | D:2      | Reached skill level 4 in Armour
  2319 | D:4      | Reached XP level 5. HP: 45/45 MP: 6/6
  2635 | D:4      | Found a burning altar of Makhleb.
  2638 | D:4      | Found a white marble altar of Elyvilon.
  2643 | D:4      | Found a snail-covered altar of Cheibriados.
  2644 | D:4      | Found a shimmering altar of Xom.
  2644 | D:4      | Found a stormy altar of Qazlal.
  2644 | D:4      | Found a radiant altar of Vehumet.
  2645 | D:4      | Found a sacrificial altar of Ru.
  2649 | D:4      | Found a sparkling altar of Nemelex Xobeh.
  2653 | D:4      | Became a worshipper of Qazlal Stormbringer
  2813 | D:5      | Entered Level 5 of the Dungeon
  2916 | D:5      | Noticed a phantom
  2933 | D:5      | Killed a phantom
  2934 | D:5      | Reached XP level 6. HP: 41/51 MP: 8/8
  3116 | D:5      | Found a staircase to the Ecumenical Temple.
  3325 | D:5      | Found a blossoming altar of Fedhas.
  3376 | D:5      | Reached skill level 5 in Armour
  3459 | D:5      | Reached XP level 7. HP: 57/57 MP: 10/10
  4028 | D:5      | Killed from afar by an orc priest

Illustrated notes

Levels and vault maps discovered:
D:1:      scummos_arrival_simple_crosswalls, layout_rooms,
          minmay_misc_feat_tower, st_stairs_8
D:2:      layout_basic, nicolae_ecumenical_snake_handling,
          minmay_randomly_rotated_circles
D:3:      layout_basic
D:4:      layout_cave_pools, minitemple
D:5:      layout_gridville, mainiacjoe_overflow_tiny_flanked,
          minmay_temple_entry_stoned_glass

Skill      XL: |  1  2  3  4  5  6  7 |
---------------+----------------------+-----
Invocations    | 1 2 3 4 |  4.3
Dodging        | 1 2 3 4 |  4.0
Armour         | 4 5 |  5.1
Fighting       | |  3.6
Axes           | |  2.6
Shields        | |  3.2

Action                     |  1- 3 |  4- 6 |  7- 9 || total
---------------------------+-------+-------+-------++-------
  Melee: War axe           |    65 |   192 |    24 ||   281
    Use: Scroll            |     3 |     9 |     1 ||    13
         Potion            |       |       |     3 ||     3
 Armour: Scale mail        |    43 |   113 |    14 ||   170
  Dodge: Dodged            |    35 |   111 |    11 ||   157
  Block: Buckler           |    14 |    62 |     2 ||    78
         Tower shield      |       |       |     6 ||     6
